 Dungeon Crawl Stone Soup version 0.29.0-13-gc9e81de378 (webtiles) character file.

Game seed: 15472125587232354958

6064 keekatzer the Caller (level 10, -3/83 HPs)
             Began as a Ghoul Summoner on Sept 9, 2022.
             Was an Initiate of Yredelemnul.
             Slain by a wyvern (9 damage)
             ... on level 9 of the Dungeon.
             The game lasted 01:17:31 (8103 turns).

keekatzer the Caller (Ghoul Summoner)               Turns: 8103, Time: 01:17:32

Health: -3/83      AC: 18    Str: 20    XL:     10   Next: 87%
Magic:  9/15       EV: 13    Int: 16    God:    Yredelemnul [......]
Gold:   103        SH:  0    Dex: 13    Spells: 8/17 levels left

rFire   + . .      SeeInvis .   h - +6 dagger "Heinyc" {vorpal, *Noise rF+ Str+5 Stlth+}
rCold   + . .      Faith    .   (no shield)
rNeg    + + +      Spirit   .   L - +7 ring mail of Circular Logic {Will+ Str+2}
rPois   ∞          Reflect  .   k - +2 helmet
rElec   .          Harm     .   (no cloak)
rCorr   .          Rampage  .   O - +0 pair of gloves
Will    +....                   o - +0 pair of boots
Stlth   ++++......              (no amulet)
HPRegen 0.00/turn               C - +6 ring of intelligence
MPRegen 0.14/turn               (no ring)

@: mighty, inhibited regen
A: claws 1, cold resistance 1, negative energy resistance 3, inhibited
regeneration, torment resistance 2, devour on kill
a: Renounce Religion, Recall Undead Harvest


You were on level 9 of the Dungeon.
You worshipped Yredelemnul.
Yredelemnul was noncommittal.
You visited 2 branches of the dungeon, and saw 10 of its levels.

You collected 501 gold pieces.
You spent 398 gold pieces at shops.

Inventory:

Hand Weapons
 a - a +1 dagger of distortion
 h - the +6 dagger "Heinyc" (weapon) {vorpal, *Noise rF+ Str+5 Stlth+}
   (You found it on level 7 of the Dungeon)

   It inflicts extra damage upon your enemies.
   Str:       It affects your strength (+5).
   rF:        It protects you from fire.
   *Noise:    It may make noises in combat.
   Stlth:     It makes you more stealthy.
 p - a +0 falchion of freezing
 q - a +1 short sword of flaming
 E - a +3 dagger
 N - the +7 sling "Ewinkaiv" {vorpal, MP+9 Str+2}
   (You found it on level 6 of the Dungeon)

   Any ammunition fired from it inflicts extra damage upon your enemies.
   Str:       It affects your strength (+2).
   MP:        It affects your magic capacity (+9).
Missiles
 G - a throwing net
 Q - 27 stones (quivered)
Armour
 k - a +2 helmet (worn)
 o - a +0 pair of boots (worn)
 F - a +0 ring mail of poison resistance
 L - the +7 ring mail of Circular Logic (worn) {Will+ Str+2}
   (You found it on level 6 of the Dungeon)

   Str:       It affects your strength (+2).
   Will:      It increases your willpower.
 O - a +0 pair of gloves (worn)
Magical Staves
 j - a staff of death
Jewellery
 C - a +6 ring of intelligence (left hand)
Wands
 d - a wand of flame (3)
 y - a wand of iceblast (11)
 J - a wand of charming (8)
Scrolls
 c - a scroll of noise {unknown}
 e - a scroll of torment {unknown}
 g - 3 scrolls of teleportation
 l - 2 scrolls of butterflies {unknown}
 m - 3 scrolls of enchant weapon
 r - 3 scrolls of amnesia {unknown}
 t - 2 scrolls of fear {unknown}
 v - a scroll of summoning {unknown}
 w - 2 scrolls of magic mapping {unknown}
 K - 4 scrolls of blinking {unknown}
 M - a scroll of immolation {unknown}
Potions
 b - 3 potions of magic
 f - a potion of cancellation
 i - 2 potions of lignification
 n - 2 potions of berserk rage
 s - 2 potions of resistance
 u - a potion of brilliance
 x - 3 potions of might
 z - 2 potions of mutation {unknown}
 D - 3 potions of attraction {unknown}
 H - 3 potions of haste {unknown}
 I - 4 potions of curing {unknown}
 P - a potion of invisibility


   Skills:
 + Level 5.7 Fighting
 * Level 4.3 Short Blades
 - Level 4.0 Armour
 + Level 5.2 Dodging
 + Level 6.7 Stealth
 - Level 4.0 Spellcasting
 - Level 4.0 Hexes
 * Level 7.8 Summonings
 * Level 5.1 Invocations


You had 8 spell levels left.
You knew the following spells:

 Your Spells              Type           Power      Damage    Failure   Level
a - Summon Small Mammal   Summ           100%       N/A       1%          1
b - Call Imp              Summ           28%        N/A       1%          2
c - Call Canine Familiar  Summ           28%        N/A       3%          3
d - Summon Guardian Gole  Hex/Summ       22%        N/A       7%          3

Your spell library contained the following spells:

 Spells                   Type           Power      Damage    Failure   Level
 Foxfire                  Conj/Fire      12%        2x1d4     26%         1
 Freeze                   Ice            12%        1d4       26%         1
 Necrotise                Necr           12%        1d4       26%         1
 Sandblast                Erth           6%         2d5       26%         1
 Dazzling Flash           Conj/Hex       18%        N/A       34%         3
 Summon Lightning Spire   Summ/Air       15%        N/A       47%         4
 Frozen Ramparts          Ice            6%         1d1       63%         3
 Fulminant Prism          Conj/Hex       4%         3d6       75%         4
 Hailstorm                Conj/Ice       3%         3d3       95%         4
 Iskenderun's Mystic Bla  Conj/Tloc      3%         2d3       95%         4
 Silence                  Hex/Air        4%         N/A       97%         5
 Agony                    Necr           3%         N/A       100%        5
 Lee's Rapid Deconstruct  Erth           1%         3d5*      100%        5
 Malign Gateway           Summ/Tloc      7%         N/A       100%        7
 Summon Horrible Things   Summ           14%        N/A       100%        8


Dungeon Overview and Level Annotations

Branches:
Dungeon (9/15)             Temple (1/1) D:7            Lair (0/5) D:8
    Orc: D:9-12

Altars:
Ashenzari
Cheibriados
Dithmenos
Fedhas
Gozag
Hepliaklqana
Makhleb
Nemelex Xobeh
Okawaru
Qazlal
Ru
Trog
Uskayaw
Vehumet
Wu Jian
Xom
Yredelemnul

Shops:
D:2 :   D:6 [   D:8 *

Annotations:
D:1 1 runed translucent door


Innate Abilities, Weirdness & Mutations

You are immune to poison.
You have sharp fingernails.
Your flesh is cold resistant. (rC+)
You are immune to negative energy. (rN+++)
You do not regenerate when monsters are visible.
You are immune to unholy pain and torment.
You thrive by killing the living.


Message History

* * * LOW HITPOINT WARNING * * *
The wyvern bites you but does no damage.
Your crimson imp blinks!
You hit the wyvern.
The wyvern is lightly wounded.
The wyvern barely misses you. Something hits your hound.
Your hound bites the wyvern but does no damage.
You puncture the wyvern!
The wyvern is heavily wounded.
The wyvern bites you.
* * * LOW HITPOINT WARNING * * *
Something misses your hound.
Your hound barely misses the wyvern.
You hit the wyvern but do no damage.
The wyvern is heavily wounded.
The wyvern completely misses you.
Your hound barely misses the wyvern.
Something hits your hound.
The wyvern bites you but does no damage.
You hit the wyvern but do no damage.
The wyvern is heavily wounded.
Your hound bites something.
The wyvern bites you but does no damage.
Something hits your hound.
Unknown command.
You hit the wyvern.
The wyvern is severely wounded.
Your hound bites something but does no damage.
The wyvern bites you!
* * * LOW HITPOINT WARNING * * *
Unknown command.
It was a potion of might.
You feel very mighty all of a sudden.
Your hound barely misses something.
The wyvern closely misses you. Something closely misses your hound.
Your hound misses something. The wyvern closely misses you.
You hit the wyvern.
The wyvern is almost dead.
Something misses your hound.
Your hound barely misses something.
The wyvern bites you!
You die...
Yredelemnul claims you as an undead slave.

#.....#Z. #.....###
..o #........ .o
#........ ..
#.......Z .
#........ .#
#..###### ###{#
##.# ##@lh##....#.#
#.5####....#.# #.##
#...#### #.# #☼○°#
##### #.# #§§°#
#.... #.# #.§§#
#####
#.#####...#####....
#..☼○○.....§☼☼.....
#..§○°.....§§○.....


You could see a wyvern (ally target), a friendly hound (summoned) and a friendly
crimson imp (summoned).

Vanquished Creatures
  A two-headed ogre (D:8)
  A troll (D:9)
  4 yaks (D:9)
  Grum (D:8)
  2 wargs (D:8)
  A steam dragon (D:6)
  A water moccasin (D:6)
  An ice beast (D:7)
  An orc warrior (D:8)
  2 sky beasts (D:6)
  A black bear (D:5)
  An ogre (D:7)
  2 wolves (D:8)
  A centaur (D:9)
  A kobold brigand (D:8)
  A gnoll sergeant (D:9)
  5 killer bees (D:9)
  3 howler monkeys (D:7)
  4 hounds
  A jelly (D:6)
  2 orc priests
  Jessica (D:2)
  Ijyb (D:4)
  Natasha (D:4)
  An iguana (D:7)
  6 orc wizards
  6 gnolls
  4 adders
  A shadow imp (D:8)
  An ufetubus (D:6)
  A worm (D:2)
  A dart slug (D:5)
  10 orcs
  3 bats
  4 endoplasms
  2 giant cockroaches
  5 goblins
  2 hobgoblins
  2 jackals (D:4)
  A quokka (D:5)
  4 ball pythons
  3 frilled lizards
  9 kobolds
  6 rats
112 creatures vanquished.

Vanquished Creatures (collateral kills)
  Joseph (D:9)
  A shadow (D:9)
  2 yaks (D:9)
  A vampire (D:7)
  A warg (D:8)
  An ice beast (D:7)
  A black bear (D:5)
  A wolf (D:8)
  An ogre (D:6)
  A phantom (D:6)
  A kobold brigand (D:6)
  2 necrophages
  A bullfrog (D:6)
  3 howler monkeys
  A hound (D:6)
  A jelly (D:6)
  A gnoll bouda (D:7)
  An iguana (D:7)
  4 orc wizards
  7 gnolls
  4 adders
  A white imp (D:6)
  A worm (D:2)
  A dart slug (D:4)
  14 orcs
  4 endoplasms
  2 goblins
  2 hobgoblins
  A jackal (D:4)
  A quokka (D:2)
  2 ball pythons
  2 frilled lizards
  2 kobolds
  2 rats
72 creatures vanquished.

Vanquished Creatures (others)
  An orc warrior (D:7)
  A water moccasin zombie (D:6)
  A yak zombie (D:9)
  A troll zombie (D:9)
  A wolf zombie (D:8)
  A centaur zombie (D:9)
  2 orc wizards
  3 killer bee zombies (D:9)
  A hound zombie (D:6)
  A howler monkey zombie (D:6)
  An ufetubus (D:6)
  A jelly zombie (D:6)
  A spectral white imp (D:6)
  An orc (D:6)
  A bat zombie (D:2)
  A gnoll zombie (D:9)
  2 ball python zombies (D:2)
  A dart slug zombie (D:4)
  2 endoplasm zombies
  A frilled lizard zombie (D:2)
  A hobgoblin zombie (D:4)
  2 human zombies
  3 jackal zombies (D:4)
  3 kobold zombies
  18 orc zombies
  A quokka zombie (D:2)
  A rat zombie (D:2)
  A spectral ufetubus (D:6)
  19 fungi (D:7)
  11 plants
85 creatures vanquished.

Grand Total: 269 creatures vanquished

Notes
Turn   | Place    | Note
-------+----------+-------------------------------------------
     0 | D:1      | keekatzer the Ghoul Summoner began the quest for the Orb.
     0 | D:1      | Reached XP level 1. HP: 14/14 MP: 2/2
     1 | D:1      | Found a runed translucent door.
    92 | D:1      | Reached XP level 2. HP: 18/22 MP: 3/3
   192 | D:1      | Found a faded altar of an unknown god.
   200 | D:1      | Prayed at the altar of an unknown god.
   200 | D:1      | Became a worshipper of Yredelemnul the Dark
   200 | D:1      | Reached * piety under Yredelemnul
   317 | D:1      | Reached skill level 1 in Fighting
   396 | D:2      | Reached XP level 3. HP: 21/28 MP: 3/5
   569 | D:2      | Found Viol's Book Shop.
   580 | D:2      | Learned a level 2 spell: Call Imp
   584 | D:2      | Learned a level 3 spell: Call Canine Familiar
   609 | D:2      | Noticed Jessica
   619 | D:2      | Killed Jessica
   620 | D:2      | Reached skill level 4 in Summonings
   620 | D:2      | Reached XP level 4. HP: 20/35 MP: 4/6
   680 | D:2      | Your ally Jessica died
  1273 | D:3      | You fall into a shaft and drop 1 floor!
  1312 | D:3      | Reached XP level 5. HP: 37/41 MP: 3/7
  1846 | D:4      | Found an opulent altar of Gozag.
  1921 | D:4      | Noticed Ijyb
  1941 | D:4      | Killed Ijyb
  2018 | D:4      | Noticed Natasha
  2038 | D:4      | Killed Natasha
  2257 | D:4      | Reached XP level 6. HP: 8/50 MP: 3/9
  2869 | D:5      | Entered Level 5 of the Dungeon
  2881 | D:5      | Learned a level 3 spell: Summon Guardian Golem
  3030 | D:5      | Noticed a black bear
  3041 | D:5      | Killed a black bear
  3042 | D:5      | Reached skill level 5 in Summonings
  3171 | D:5      | Reached XP level 7. HP: 54/56 MP: 7/10
  3222 | D:5      | Reached skill level 1 in Hexes
  3596 | D:6      | Found Faufae Nizoi's Antique Armour Shoppe.
  3629 | D:6      | Reached skill level 1 in Armour
  3700 | D:6      | Reached ** piety under Yredelemnul
  3707 | D:6      | Reached XP level 8. HP: 27/63 MP: 7/11
  3797 | D:6      | Identified the +7 ring mail of Circular Logic {Will+ Str+2}
  3844 | D:6      | Identified the +7 sling "Ewinkaiv" {vorpal, MP+9 Str+2}
  4278 | D:6      | Reached skill level 6 in Summonings
  4288 | D:6      | Reached skill level 5 in Stealth
  4337 | D:6      | Reached XP level 9. HP: 23/71 MP: 9/13
  5074 | D:7      | Found a hide-covered altar of Uskayaw.
  5249 | D:7      | Identified the +6 dagger "Heinyc" {vorpal, *Noise rF+ Str+5
                  | Stlth+}
  5431 | D:7      | Found a staircase to the Ecumenical Temple.
  5444 | D:7      | Reached skill level 1 in Short Blades
  5462 | D:7      | Got Starting Wizarding
  5507 | D:7      | Reached *** piety under Yredelemnul
  5617 | D:7      | Reached **** piety under Yredelemnul
  5764 | Temple   | Entered the Ecumenical Temple
  6053 | D:2      | Bought a Grand Grimoire for 340 gold pieces
  6298 | D:8      | Noticed a two-headed ogre
  6329 | D:8      | Killed a two-headed ogre
  6611 | D:8      | Noticed Grum
  6625 | D:8      | Reached XP level 10. HP: 30/80 MP: 4/15
  6629 | D:8      | Reached skill level 7 in Summonings
  6630 | D:8      | Killed Grum
  6873 | D:8      | Reached skill level 5 in Fighting
  6921 | D:8      | Found a staircase to the Lair.
  7333 | D:8      | Found Bothieto's Assorted Antiques.
  7368 | D:8      | Bought a scroll labelled BICAOR RIZI for 31 gold pieces
  7368 | D:8      | Bought a sapphire potion for 27 gold pieces
  7551 | D:9      | Noticed Joseph
  7565 | D:9      | Killed Joseph
  7621 | D:9      | Reached skill level 5 in Dodging
  7680 | D:9      | Your ally Joseph died
  7945 | D:9      | Reached skill level 5 in Invocations
  8103 | D:9      | Slain by a wyvern

Illustrated notes

Levels and vault maps discovered:
D:1:      dpeg_arrival_caged_fury, layout_rooms, ebering_ecumenical_altar_box
D:2:      layout_rooms, serial_shops, nicolae_shop_trees, minmay_mini_jars,
          uniq_jessica
D:3:      layout_basic, serial_bayou_crossing
D:4:      layout_gridville, grunt_gozag_statues, minmay_diced_spiral, uniq_ijyb,
          uniq_natasha
D:5:      layout_loops_corners, eino_tiny_chamber
D:6:      layout_layer_cave, serial_shops, nicolae_shop_advertising_works
          [nicolae_subvault_shop_adworks], grunt_tough_drop
D:7:      layout_basic, mainiacjoe_overflow_cross_hatched,
          minmay_temple_entry_glass
D:8:      layout_rooms, erik_lair_orcish_takeover, serial_co_window_serial,
          co_window_of_opportunity_a, co_window_corner_a, co_window_corner_a,
          co_window_corner_a, co_window_paths_b, co_window_paths_c,
          co_window_2corner, co_window_corner_b, co_window_broadway_a,
          co_window_4corner_b, co_window_paths_e, glass_columns_a,
          glass_columns_b, glass_columns_a, serial_shops, nicolae_shop_stone,
          uniq_grum
D:9:      layout_irregular_city, mainiacjoe_overflow_concentric_impassable,
          lemuel_flame_loot_1, uniq_joseph, uniq_erolcha
Temple:   eino_narrow_crystal_temple

Skill      XL: |  1  2  3  4  5  6  7  8  9 10 |
---------------+-------------------------------+-----
Dodging        | 2 3 4 5 |  5.2
Spellcasting   | 2 3 4 |  4.0
Fighting       | 1 2 3 4 5 |  5.7
Summonings     | 4 5 6 7 |  7.8
Stealth        | 3 4 5 6 |  6.7
Hexes          | 2 3 4 |  4.0
Armour         | 1 2 4 |  4.0
Short Blades   | 2 4 |  4.3
Invocations    | 2 5 |  5.1

Action                   |  1- 3 |  4- 6 |  7- 9 | 10-12 || total
-------------------------+-------+-------+-------+-------++-------
Melee: Unarmed           |    19 |       |       |       ||    19
       Short sword       |    70 |   148 |       |       ||   218
       Punch             |     1 |       |     2 |     3 ||     6
       Dagger            |       |    20 |   192 |   190 ||   402
Throw: Stone             |       |       |    31 |       ||    31
 Cast: Summon Small Mamm |    12 |     8 |       |       ||    20
       Call Imp          |     1 |    13 |    18 |    10 ||    42
       Call Canine Famil |       |     2 |    20 |    13 ||    35
       Summon Guardian G |       |       |     4 |       ||     4
Invok: Recall Undead Har |       |     1 |       |       ||     1
Evoke: Wand              |       |       |    10 |       ||    10
  Use: Scroll            |       |       |     8 |       ||     8
       Potion            |       |       |       |     1 ||     1
 Stab: Sleeping          |     2 |     4 |     1 |     1 ||     8
       Distracted        |     2 |       |     4 |     5 ||    11
Armor: Robe              |    16 |    45 |     7 |       ||    68
       Leather armour    |       |       |    44 |       ||    44
       Ring mail         |       |       |    60 |   111 ||   171
Dodge: Dodged            |    56 |   123 |   137 |   125 ||   441
